 Dungeon Crawl Stone Soup version 0.29-a0-8-g0446c0dae4 (webtiles) character file.

Game seed: 4061385990030493927

73 pascalblue the Digger (level 4, 0/24 HPs)
             Began as a Deep Elf Earth Elementalist on Jan 27, 2022.
             Slain by a gnoll (6 damage)
             ... on level 2 of the Dungeon.
             The game lasted 00:06:03 (2561 turns).

pascalblue the Digger (Deep Elf Earth Elementalist) Turns: 2561, Time: 00:06:04

Health: 0/24       AC:  2    Str: 11    XL:     4   Next: 8%
Magic:  10/11      EV: 12    Int: 22    God:
Gold:   70         SH:  0    Dex: 15    Spells: 6/10 levels left

rFire   . . .      SeeInvis .   a - +2 hand axe (vamp)
rCold   . . .      Faith    .   (no shield)
rNeg    . . .      Spirit   .   b - +0 robe
rPois   .          Reflect  .   (no helmet)
rElec   .          Harm     .   (no cloak)
rCorr   .          Rampage  .   (no gloves)
Will    .....                   (no boots)
Stlth   ++........              (no amulet)
HPRegen 0.08/turn               j - +6 ring of strength
MPRegen 0.12/turn               (no ring)

@: no status effects
A: no striking features
a: no special abilities


You were on level 2 of the Dungeon.
You visited 1 branch of the dungeon, and saw 2 of its levels.

You collected 70 gold pieces.

Inventory:

Hand Weapons
 a - a +2 vampiric hand axe (weapon)
 d - a +0 dagger of venom
Missiles
 c - 88 stones
Armour
 b - a +0 robe (worn)
Jewellery
 j - a +6 ring of strength (left hand)
Scrolls
 e - a scroll of holy word {unknown}
 f - a scroll of silence {unknown}
Potions
 g - a potion of lignification
 i - a potion of attraction {unknown}


   Skills:
 - Level 2.4 Dodging
 - Level 2.4 Stealth
 + Level 3.6 Spellcasting
 + Level 1.0 Conjurations
 - Level 1.1 Transmutations
 * Level 5.0 Earth Magic


You had 6 spell levels left.
You knew the following spells:

 Your Spells              Type           Power      Damage    Failure   Level
a - Sandblast             Erth           52%        2d12      1%          1
b - Stone Arrow           Conj/Erth      34%        3d9       10%         3

Your spell library contained the following spells:

 Spells                   Type           Power      Damage    Failure   Level
 Passwall                 Tmut/Erth      14%        N/A       4%          2
 Petrify                  Tmut/Erth      17%        N/A       32%         4


Dungeon Overview and Level Annotations

Branches:
Dungeon (2/15)

Altars:


Message History

The gnoll shouts!
There is an open door here.
You hit the gnoll.
The gnoll is heavily wounded.
The gnoll hits you with a +0 flail.
Casting: Sandblast (safe; 1% risk of failure)
Confirm with . or Enter, or press ? or * to list all spells.
Aiming: Sandblast (safe; 1% risk of failure)
Press: ? - help, Shift-Dir - straight line, f - gnoll
Aim: a gnoll, wielding a +0 flail (heavily wounded, 83% to hit)
The blast of sand hits the gnoll!
You kill the gnoll!
Your Conjurations skill increases to level 1!
Your Earth Magic skill increases to level 5!
You have reached level 4!
You feel clever.
You now have 70 gold pieces (gained 8).
You see here a +0 flail.
A gnoll comes into view. It is wielding a +0 spear.
A bat comes into view.
The bat moves out of view.
There is an open door here.
The gnoll shouts! x2
The gnoll hits you with a +0 spear.
The gnoll hits you from afar with a +0 spear.
There is an open door here.
The gnoll closely misses you.
You see here a +0 flail.
The gnoll hits you from afar with a +0 spear!
The gnoll misses you. The gnoll hits you with a +0 spear.
* * * LOW HITPOINT WARNING * * *
Casting: Sandblast (safe; 1% risk of failure)
Confirm with . or Enter, or press ? or * to list all spells.
Aiming: Sandblast (safe; 1% risk of failure)
Press: ? - help, Shift-Dir - straight line, f - gnoll
Aim: a gnoll, wielding a +0 spear (83% to hit)
The blast of sand hits the gnoll!
The gnoll is heavily wounded.
The gnoll hits you with a +0 spear.
You die...

#....................#
####################.#
.. #.# ..##########
#.# ...........### #.#
#..........g.# #.#
#..........#.# #.#
...........#.#######.#
......g#####..gg@....#
....... ###########
....... .......
....... .......


You could see 2 gnolls.

Vanquished Creatures
  Terence (D:2)
  A gnoll (D:2)
  A worm (D:2)
  A dart slug (D:2)
  5 ball pythons (D:1)
  4 endoplasms
  A giant cockroach (D:1)
  2 goblins (D:1)
  A hobgoblin (D:1)
  8 jackals (D:1)
  3 kobolds
  2 quokkas (D:1)
  A bat (D:1)
31 creatures vanquished.

Notes
Turn   | Place    | Note
-------+----------+-------------------------------------------
     0 | D:1      | pascalblue the Deep Elf Earth Elementalist began the quest
                  | for the Orb.
     0 | D:1      | Reached XP level 1. HP: 10/10 MP: 6/6
   546 | D:1      | Reached XP level 2. HP: 12/15 MP: 8/8
   613 | D:1      | Reached skill level 4 in Earth Magic
   878 | D:1      | Found a faded altar of an unknown god.
  1433 | D:1      | Reached XP level 3. HP: 11/19 MP: 7/9
  1464 | D:1      | Learned a level 3 spell: Stone Arrow
  1880 | D:2      | Noticed Terence
  1887 | D:2      | Killed Terence
  2542 | D:2      | Reached skill level 1 in Conjurations
  2542 | D:2      | Reached skill level 5 in Earth Magic
  2542 | D:2      | Reached XP level 4. HP: 21/24 MP: 9/11
  2561 | D:2      | Slain by a gnoll

Illustrated notes

Levels and vault maps discovered:
D:1:      dpeg_arrival_renting, layout_loops_ring,
          chequers_ecumenical_altar_grove
D:2:      layout_basic, kennysheep_generic_room_9, uniq_terence

Skill      XL: |  1  2  3 |
---------------+----------+-----
Earth Magic    | 4 5 |  5.0
Conjurations   | 1 |  1.0
Dodging        | |  2.4
Stealth        | |  2.4
Spellcasting   | |  3.6
Transmutations | |  1.1

Action                   |  1- 3 |  4- 6 || total
-------------------------+-------+-------++-------
Melee: Unarmed           |    16 |       ||    16
       Dagger            |    37 |       ||    37
       Hand axe          |     9 |       ||     9
 Cast: Sandblast         |    27 |     1 ||    28
  Use: Scroll            |     4 |       ||     4
 Stab: Sleeping          |     7 |       ||     7
Armor: Robe              |    12 |       ||    12
Dodge: Dodged            |    57 |     2 ||    59

Table legend: (Time is in decaauts)
 A = Elapsed time spent in this place.
 B = Non-inter-level travel time spent in this place.
 C = Inter-level travel time spent in this place.
 D = Time resting spent in this place.
 E = Time spent auto-exploring this place.
 F = Levels seen in this place.
 G = Mean time per level.
                   A        B        C        D        E       F      G
               +--------+--------+--------+--------+--------+-----+--------+
         Total |   2561 |   2539 |     22 |    314 |   1887 |   2 | 1280.5 |
       Dungeon |   2561 |   2539 |     22 |    314 |   1887 |   2 | 1280.5 |
               +--------+--------+--------+--------+--------+-----+--------+

Top non-repeatable levels by time:
     D:1: 1861 daAuts
     D:2: 700 daAuts
